 Dungeon Crawl Stone Soup version 0.31-a0-1127-ge7b2bba (webtiles) character file.

Game seed: 9122337256080007545

35 Dorkslayer the Trooper (level 3, -1/33 HPs)
             Began as a Hill Orc Fighter on Dec 4, 2023.
             Succumbed to Ijyb's poison
             ... on level 3 of the Dungeon.
             The game lasted 00:02:15 (1236 turns).

Dorkslayer the Trooper (Hill Orc Fighter)           Turns: 1236, Time: 00:02:16

Health: -1/33      AC:  8    Str: 20    XL:     3   Next: 35%
Magic:  3/3        EV:  9    Int:  8    God:
Gold:   66         SH:  4    Dex: 10    Spells: 2/2 levels left

rFire   . . .        a - +0 war axe
rCold   + . .        c - +0 buckler
rNeg    . . .        b - +0 scale mail
rPois   .            (no helmet)
rElec   .            (no cloak)
rCorr   .            (no gloves)
SInv    .            f - +0 pair of boots
Will    +....        h - amulet of regeneration Stlth
                     (no ring)
HPRegen 1.05/turn    (no ring)
MPRegen 0.08/turn

%: no passive effects
@: lethally poisoned (-1 -> -8)
A: cold resistance 1, strong-willed 1
a: no special abilities


You were on level 3 of the Dungeon.
You visited 1 branch of the dungeon, and saw 3 of its levels.

You collected 66 gold pieces.

Inventory:

Hand Weapons
 a - a +0 war axe (weapon)
Armour
 b - a +0 scale mail (worn)
 c - a +0 buckler (worn)
 f - a +0 pair of boots (worn)
Jewellery
 h - an amulet of regeneration (around neck)
Scrolls
 e - a scroll of fog {unknown}
 g - 4 scrolls of amnesia {unknown}
Potions
 d - a potion of might


   Skills:
 + Level 3.9 Fighting
 + Level 3.0 Axes
 + Level 3.7 Armour
 * Level 1.0 Dodging
 + Level 3.6 Shields


You had 2 spell levels left.
You didn't know any spells.
Your spell library contained the following spells:

 Spells                   Type           Power      Damage    Failure   Level
 Cigotuvi's Dreadful Rot  Necr/Pois/Air  0%         N/A       92%         2
 Ignite Poison            Fire/Tmut/Pois 0%         N/A       99%         3
 Freezing Cloud           Conj/Ice/Air   0%         6-21      100%        5


Dungeon Overview and Level Annotations

Branches:
Dungeon (3/15)

Altars:

Annotations:
D:3 Ijyb


Innate Abilities, Weirdness & Mutations

Your flesh is cold resistant. (rC+)
You are strong-willed. (Will+)


Message History

You feel very sick. Ijyb hits you but does no damage.
You barely miss Ijyb.
Ijyb is heavily wounded.
You feel very sick.
Ijyb hits you with a +3 dagger of venom.
* * * LOW HITPOINT WARNING * * *
You block Ijyb's attack.
It was a potion of mutation.
You feel extremely strange.
You feel resistant to cold.
You feel strong-willed.
You feel sick.
Ijyb hits you with a +3 dagger of venom.
* * * LOW HITPOINT WARNING * * *
You are lethally poisoned!
It was a potion of curing.
You feel better.
Ijyb zaps a wand.
You resist with significant effort.
You aren't carrying any items that you can evoke.
You miss Ijyb.
Ijyb is heavily wounded.
Ijyb hits you but does no damage.
You are poisoned.
You completely miss Ijyb.
Ijyb is heavily wounded.
You feel very sick. You block Ijyb's attack.
You barely miss Ijyb.
Ijyb is heavily wounded.
You feel sick.
Ijyb zaps a wand.
You resist with significant effort.
Ijyb grins evilly.
Ijyb hits you with a +3 dagger of venom.
* * * LOW HITPOINT WARNING * * *
You are lethally poisoned!
You closely miss Ijyb.
Ijyb is heavily wounded.
* * * LOW HITPOINT WARNING * * *
You feel very sick. Ijyb misses you.
You hit Ijyb.
Ijyb is heavily wounded.
You die...

#
#.########
#.@g....#
##.####[#
##. ##


You could see Ijyb.

Vanquished Creatures
  An adder (D:2)
  A worm (D:2)
  A dart slug (D:2)
  3 bats
  An endoplasm (D:1)
  A goblin (D:2)
  2 hobgoblins (D:2)
  2 quokkas (D:2)
  A ball python (D:2)
  2 frilled lizards (D:2)
  6 kobolds
  3 rats (D:2)
24 creatures vanquished.

Notes
Turn   | Place    | Note
-------+----------+-------------------------------------------
     0 | D:1      | Dorkslayer the Hill Orc Fighter began the quest for the
                  | Orb.
     0 | D:1      | Reached XP level 1. HP: 19/19 MP: 1/1
     0 | D:1      | Noticed a large abomination
     0 | D:1      | Noticed a large abomination
     1 | D:1      | Noticed a shadow dragon
     1 | D:1      | Noticed an iron dragon
     3 | D:1      | Noticed a shadow dragon
     3 | D:1      | Noticed a tentacled monstrosity
     5 | D:1      | Noticed an ice dragon
    10 | D:1      | Noticed a purple draconian
    16 | D:1      | Noticed an orb of fire
    18 | D:1      | Noticed an ice dragon
    20 | D:1      | Noticed a tentacled monstrosity
   195 | D:1      | Reached XP level 2. HP: 23/27 MP: 2/2
   927 | D:2      | Reached skill level 1 in Dodging
   927 | D:2      | Reached XP level 3. HP: 32/33 MP: 3/3
  1221 | D:3      | Noticed Ijyb
  1230 | D:3      | Gained mutation: Your flesh is cold resistant. (rC+)
                  | [potion of mutation]
  1230 | D:3      | Gained mutation: You are strong-willed. (Will+) [potion of
                  | mutation]
  1235 | D:3      | HP: 1/33 [poisoned by Ijyb]
  1236 | D:3      | Succumbed to Ijyb's poison

Illustrated notes

Levels and vault maps discovered:
D:1:      shiori_arrival_whats_in_store_for_you, layout_rooms
D:2:      layout_basic
D:3:      layout_loops_ring, mainiacjoe_overflow_two_lobes,
          hellmonk_ecumenical_altar_lost_god, serial_park_tiny_pond,
          minmay_misc_feat_hallway, uniq_sigmund, uniq_ijyb

Skill      XL: |  1  2  3 |
---------------+----------+-----
Dodging        | 1 |  1.0
Axes           | 3 |  3.0
Fighting       | |  3.9
Armour         | |  3.7
Shields        | |  3.6

Action                     || total
---------------------------++-------
  Melee: War axe           ||    87
    Use: Potion            ||     2
 Armour: Scale mail        ||    60
  Dodge: Dodged            ||    35
  Block: Buckler           ||    20

Table legend: (Time is in decaauts)
 A = Elapsed time spent in this place.
 B = Non-inter-level travel time spent in this place.
 C = Inter-level travel time spent in this place.
 D = Time resting spent in this place.
 E = Time spent auto-exploring this place.
 F = Levels seen in this place.
 G = Mean time per level.
                   A        B        C        D        E       F      G
               +--------+--------+--------+--------+--------+-----+--------+
         Total |   1269 |   1269 |      0 |      0 |    738 |   3 |  423.0 |
       Dungeon |   1269 |   1269 |      0 |      0 |    738 |   3 |  423.0 |
               +--------+--------+--------+--------+--------+-----+--------+

Top non-repeatable levels by time:
     D:2: 821 daAuts
     D:1: 429 daAuts
     D:3: 19 daAuts
